 Dungeon Crawl Stone Soup version 0.19.4-10-g532645f (webtiles) character file.

1063 Rrauwl the Spear-Bearer (level 8, -1/58 HPs)
             Began as a Merfolk Fighter on Feb 26, 2017.
             Was an Initiate of Okawaru.
             Slain by a worker ant (5 damage)
             ... on level 5 of the Dungeon.
             The game lasted 00:20:25 (3565 turns).

Rrauwl the Spear-Bearer (Merfolk Fighter)           Turns: 3565, Time: 00:20:25

Health: -1/58      AC:  8    Str: 16    XL:     8   Next: 27%
Magic:  8/8        EV: 15    Int:  8    God:    Okawaru [......]
Gold:   91         SH:  9    Dex: 15    Spells: 0 memorised, 7 levels left

rFire  . . .     SeeInvis .     a - +1 trident
rCold  . . .     Gourm    .     s - +0 leather armour
rNeg   . . .     Faith    .     c - +0 shield
rPois  .         Spirit   .     (no helmet)
rElec  .         Reflect  .     o - +1 cloak
rCorr  .         Harm     .     (no gloves)
MR     .....                    k - +0 pair of boots
Stlth  +.........               (no amulet)
                                (no ring)
                                (no ring)

@: no status effects
A: change form in water, swift swim, stealthy swim, yellow scales 1,
deterioration 1, MP-powered wands
a: Renounce Religion


You were on level 5 of the Dungeon.
You worshipped Okawaru.
Okawaru was noncommittal.
You were not hungry.

You visited 2 branches of the dungeon, and saw 6 of its levels.
You also visited: Sewer.

You collected 118 gold pieces.
You spent 27 gold pieces at shops.

Inventory:

Hand Weapons
 a - a +1 trident (weapon)
Armour
 c - a +0 shield (worn)
 k - a +0 pair of boots (worn)
 o - a +1 cloak (worn)
 s - a +0 leather armour (worn)
Jewellery
 d - an uncursed ring of fire
Wands
 l - a wand of digging (13/24)
Scrolls
 b - a scroll of enchant weapon
 m - 2 scrolls of fog
 t - a scroll of remove curse
Potions
 n - 2 potions of might
 u - a potion of haste
Comestibles
 f - 6 bread rations
 g - a chunk of flesh
 h - 3 fruits
 i - a royal jelly
 q - 4 meat rations
 r - a slice of pizza


   Skills:
 - Level 3.2 Fighting
 + Level 9.8 Polearms
 - Level 2.1 Armour
 + Level 8.7 Dodging
 - Level 3.0 Shields


You had 7 spell levels left.
You didn't know any spells.

Dungeon Overview and Level Annotations

Branches:
Dungeon (5/15)             Temple (1/1) D:4

Altars:
Cheibriados
Dithmenos
Fedhas
Hepliaklqana
Kikubaaqudgha
Makhleb
Nemelex Xobeh
Okawaru
Sif Muna
Trog
Uskayaw
Vehumet
Xom
Zin
The Shining One

Shops:
D:4 *

Annotations:
D:5 Menkaure


Innate Abilities, Weirdness & Mutations

You revert to your normal form in water.
You are very nimble and swift while swimming.
You are very stealthy in the water. (Stealth+)
You are partially covered in yellow scales. (AC +2)
Your body sometimes deteriorates upon taking damage.
You expend magic power (3 MP) to strengthen your wands.


Message History

The worker ant closely misses you. The orc wizard hits you with a dagger.
* * * LOW HITPOINT WARNING * * *
You closely miss the orc wizard.
The orc wizard is heavily wounded.
You block the worker ant's attack. The orc wizard completely misses you.
You puncture the orc wizard!
You kill the orc wizard!
Okawaru accepts your kill.
You feel your intelligence returning. The worker ant barely misses you.
The worker ant completely misses you.
An orc comes into view. It is wielding a mace.
The orc shouts!
You puncture the worker ant!
The worker ant is moderately wounded.
The worker ant barely misses you.
You barely miss the worker ant.
The worker ant is moderately wounded.
The worker ant bites you.
You die...

....#... ...#
#...... ...###.
#.....###......#
#...............
#............#
##............#
+.....).......#
#.a..))......+
#@####.......#
#o# #.......#
#.# #########
#.# #.. ###


You could see a worker ant and an orc.

Vanquished Creatures
  Sigmund (D:2)
  The ghost of Rrauwl the Poker, an amateur MfGl (D:3)
  An ice beast (D:3)
  An orc warrior (D:5)
  3 bullfrogs
  Crazy Yiuf (D:4)
  An orc priest (D:5)
  3 orc wizards (D:5)
  Terence (D:2)
  A worker ant (D:4)
  4 gnolls (D:2)
  5 adders
  A river rat (D:3)
  An ooze (D:3)
  A leopard gecko (D:4)
  13 orcs
  12 giant cockroaches
  6 goblins
  3 hobgoblins
  12 jackals
  2 quokkas
  3 ball pythons
  7 bats
  13 frilled lizards
  6 kobolds
  11 rats
114 creatures vanquished.

Vanquished Creatures (others)
  An orc wizard (D:5)
1 creature vanquished.

Grand Total: 115 creatures vanquished

Notes
Turn   | Place    | Note
-------+----------+-------------------------------------------
     0 | D:1      | Rrauwl the Merfolk Fighter began the quest for the Orb.
     0 | D:1      | Reached XP level 1. HP: 18/18 MP: 1/1
    60 | D:1      | Reached skill level 1 in Dodging
    71 | D:1      | Reached XP level 2. HP: 22/24 MP: 2/2
   454 | D:2      | Reached skill level 4 in Polearms
   454 | D:2      | Reached XP level 3. HP: 29/29 MP: 3/3
   539 | D:2      | Reached XP level 4. HP: 4/35 MP: 4/4
   934 | D:2      | Noticed Terence
   956 | D:2      | Killed Terence
   956 | D:2      | Reached skill level 5 in Polearms
   995 | D:2      | Noticed Sigmund
  1020 | D:2      | Gained mutation: Your body sometimes deteriorates upon taking damage. [potion of mutation]
  1020 | D:2      | Gained mutation: You expend magic power (3 MP) to strengthen your wands. [potion of mutation]
  1020 | D:2      | Gained mutation: You are partially covered in yellow scales. (AC +2) [potion of mutation]
  1041 | D:2      | Killed Sigmund
  1041 | D:2      | Reached skill level 6 in Polearms
  1041 | D:2      | Reached skill level 5 in Dodging
  1041 | D:2      | Reached XP level 5. HP: 23/41 MP: 5/5
  1041 | D:2      | Reached XP level 6. HP: 26/47 MP: 6/6
  1066 | D:2      | Found a runed door.
  1179 | D:2      | Noticed Crazy Yiuf
  1616 | D:3      | Noticed Rrauwl's ghost (amateur MfGl)
  1631 | D:3      | Killed Rrauwl's ghost
  1631 | D:3      | Reached skill level 7 in Polearms
  1645 | D:3      | Noticed an ice beast
  1658 | D:3      | Killed an ice beast
  1658 | D:3      | Reached XP level 7. HP: 33/52 MP: 7/7
  1662 | D:3      | Reached skill level 8 in Polearms
  1853 | D:3      | Found a glowing drain.
  1857 | Sewer    | Entered a sewer
  2313 | D:3      | Found a faded altar of an unknown god.
  2666 | D:4      | Killed Crazy Yiuf
  2666 | D:4      | Reached skill level 9 in Polearms
  2683 | D:4      | Found a staircase to the Ecumenical Temple.
  2718 | Temple   | Entered the Ecumenical Temple
  2814 | Temple   | Became a worshipper of Warmaster Okawaru
  3251 | D:4      | Found Fuzyp's Assorted Antiques.
  3261 | D:4      | Reached XP level 8. HP: 51/58 MP: 8/8
  3278 | D:4      | Bought a scroll labeled TYSENT MEBANWU for 27 gold pieces
  3401 | D:5      | Entered Level 5 of the Dungeon
  3431 | D:5      | Noticed Menkaure
  3565 | D:5      | Slain by a worker ant

Skill      XL: |  1  2  3  4  5  6  7 |
---------------+----------------------+-----
Dodging        | 1 2 3 5 6 8 |  8.7
Polearms       | 4 6 7 9 |  9.8
Fighting       | |  3.2
Armour         | |  2.1
Shields        | |  3.0

Action                   |  1- 3 |  4- 6 |  7- 9 || total
-------------------------+-------+-------+-------++-------
Melee: Trident           |   110 |   167 |   255 ||   532
       Tailslap          |       |       |     5 ||     5
  Use: Potion            |       |     4 |     3 ||     7
       Scroll            |       |     7 |     5 ||    12
 Stab: Distracted        |       |       |     1 ||     1
  Eat: Chunk             |       |     3 |     6 ||     9
Armor: Scale mail        |    35 |    60 |    36 ||   131
       Leather armour    |       |       |    19 ||    19
Dodge: Dodged            |    31 |    56 |   105 ||   192
Block: Shield            |    42 |    61 |   110 ||   213
